AoeStats
← Lucasavend

Yucatan

510748495Analyzed
4v4 RM · 18h ago on Oct 2, 2026· 72m 12s· 8 players
Game mode
Random Map
Map size
Large (8 player)
Population
200
Speed
Normal
Resources
Standard
Victory
Conquest
Starting age
Dark Age
Ending age
Imperial Age
RankedLock teamsTeams togetherTeam positionsShared explorationLock speedFull tech treeHidden civsTurbo modeCheats
Victory
Defeat
🇪🇬 Burgundians · Egypt
670
+12
🇦🇷 Koreans · Argentina
638
+13
🇦🇺 Varangians · Australia
576
+16
🇭🇰 Franks · Hong Kong SAR China
572
+16
🇨🇳 Burmese · China
637
-16
🇹🇼 Bengalis · Taiwan
575
-14
🇹🇷 Portuguese · Türkiye
571
-14
🇨🇳 Huns · China
533
-13
pigfly414
12:04 Feudal Age
13:37 Double-Bit Axe
15:10 Horse Collar
19:02 Castle Age
19:20 Stone Mining
21:18 Bow Saw
29:31 Imperial Age
27:04 Heavy Plow
27:08 Gold Mining
29:15 Squires
28:35 Pikeman
32:13 Ballistics
32:54 Chemistry
31:24 Elite Elephant Archer
31:26 Halberdier
32:09 Husbandry
32:20 Bloodlines
32:49 Crop Rotation
33:15 Caravan
34:07 Murder Holes
35:39 Wheelbarrow
35:18 Masonry
36:37 Conscription
35:39 Elite Ratha (Ranged)
36:24 Herbal Medicine
39:49 Paiks
40:17 Padded Archer Armor
40:08 Fletching
41:03 Sanctity
40:54 Fervor
41:23 Theocracy
41:04 Block Printing
40:53 Devotion
41:20 Illumination
44:41 Mahayana
44:24 Arson
44:03 Elite Skirmisher
45:54 Hand Cart
46:45 Two-Man Saw
46:21 Architecture
46:05 Fortified Wall
47:06 Coinage
46:46 Guilds
46:10 Elite Battle Elephant
46:12 Light Cavalry
49:17 Leather Archer Armor
48:57 Bodkin Arrow
49:13 Forging
49:03 Scale Mail Armor
49:09 Scale Barding Armor
akgun_demirtas_96
0:35 Loom
10:31 Feudal Age
11:04 Double-Bit Axe
12:48 Wheelbarrow
14:20 Stone Mining
14:22 Gold Mining
14:15 Horse Collar
23:42 Castle Age
25:02 Hand Cart
24:50 Heavy Plow
25:28 Stone Shaft Mining
25:07 Bow Saw
24:41 Fishing Lines
25:15 Medium Warships
25:26 Medium Warships
25:22 Town Watch
35:13 Imperial Age
35:42 Circumnavigation
36:00 Town Patrol
37:24 Two-Man Saw
36:59 Crop Rotation
38:33 Caravan
39:28 Arquebus
42:49 Elite Organ Gun
43:00 Sappers
44:58 Cavalier
45:39 Husbandry
45:50 Bloodlines
45:00 Light Cavalry
54:27 Conscription
AK
0:33 Loom
12:47 Feudal Age
14:05 Wheelbarrow
15:47 Stone Mining
22:09 Gold Mining
28:13 Bloodlines
30:44 Castle Age
29:53 Forging
29:49 Scale Barding Armor
31:54 Hand Cart
36:55 Iron Casting
36:40 Chain Barding Armor
38:19 Husbandry
40:00 Chain Barding Armor
39:55 Horse Collar
41:11 Gold Shaft Mining
44:24 Heavy Plow
44:29 Caravan
45:46 Manipur Cavalry
45:51 Treadmill Crane
49:32 Imperial Age
gysrj777098
4:59 Loom
11:03 Feudal Age
15:07 Wheelbarrow
14:18 Town Watch
17:24 Double-Bit Axe
17:22 Horse Collar
25:10 Gold Mining
25:10 Stone Mining
29:20 Castle Age
29:26 Castle Age
27:24 Arson
27:00 Man-at-Arms
27:55 Bloodlines
27:50 Padded Archer Armor
31:24 Town Patrol
31:40 Hand Cart
31:48 Squires
31:09 Pikeman
31:18 Elite Skirmisher
32:04 Husbandry
33:44 Gold Shaft Mining
35:28 Heavy Plow
35:42 Bow Saw
38:05 Imperial Age
35:34 Long Swordsman
36:23 Thumb Ring
35:38 Crossbowman
36:57 Leather Archer Armor
36:33 Fletching
36:49 Scale Mail Armor
36:30 Light Cavalry
37:56 Scale Barding Armor
37:47 Bodkin Arrow
38:07 Forging
40:07 Halberdier
40:08 Two-Handed Swordsman
40:33 Cavalier
41:52 Guilds
42:23 Parthian Tactics
43:35 Chain Barding Armor
43:30 Chain Mail Armor
43:52 Iron Casting
43:48 Bracer
45:49 Two-Man Saw
46:50 Masonry
46:35 Murder Holes
46:51 Clinker Construction
46:52 Careening
47:58 Caravan
48:29 Coinage
49:42 Paladin
49:44 Hussar
50:59 Heavy Cavalry Archer
53:16 Atheism
53:20 Conscription
52:33 Sappers
53:05 Marauders
65:28 Capped Ram
Lucasavend
0:36 Loom
11:55 Feudal Age
12:37 Town Watch
13:47 Double-Bit Axe
20:40 Wheelbarrow
20:05 Gold Mining
20:06 Stone Mining
26:23 Castle Age
28:17 Hand Cart
28:19 Bow Saw
27:52 Horse Collar
28:55 Gold Shaft Mining
32:15 Stone Shaft Mining
32:34 Ballistics
33:17 Murder Holes
34:58 Squires
34:44 Arson
36:48 Fletching
37:01 Scale Mail Armor
37:12 Forging
37:09 Scale Barding Armor
37:55 Caravan
38:34 Heavy Plow
39:33 Man-at-Arms
41:45 Pikeman
42:47 Thumb Ring
42:10 Elite Skirmisher
44:20 Bodkin Arrow
44:42 Chain Mail Armor
45:03 Iron Casting
44:52 Chain Barding Armor
46:17 Masonry
45:49 Treadmill Crane
47:01 Crossbowman
52:10 Imperial Age
56:36 Long Swordsman
59:13 Chemistry
58:46 Architecture
58:23 Siege Engineers
58:47 Conscription
58:51 Shinkichon
59:12 Elite Fire Lancer
61:48 Two-Man Saw
60:57 Heavy Rocket Cart
62:35 Bracer
63:06 Plate Mail Armor
62:53 Two-Handed Swordsman
63:38 Arbalester
64:34 Capped Ram
65:39 Elite War Wagon
66:22 Halberdier
tingchunng
13:17 Feudal Age
14:37 Gold Mining
14:35 Double-Bit Axe
20:03 Castle Age
18:35 Scale Barding Armor
18:49 Forging
22:16 Bow Saw
23:09 Stone Mining
24:04 Gold Shaft Mining
23:35 Caravan
24:15 Fishing Lines
25:50 Masonry
27:33 Gillnets
35:44 Imperial Age
35:00 Wheelbarrow
34:56 Husbandry
36:50 Cavalier
37:59 Chain Barding Armor
38:15 Iron Casting
38:53 Paladin
40:18 Hand Cart
46:59 Blast Furnace
46:35 Plate Barding Armor
49:04 Chivalry
ToveLo
12:02 Feudal Age
12:49 Double-Bit Axe
14:20 Fishing Lines
25:18 Castle Age
24:02 Arson
24:45 Gold Mining
25:12 Scale Mail Armor
25:23 Forging
25:46 Stone Mining
26:21 Bow Saw
26:20 Gillnets
27:01 Squires
29:44 Horse Collar
32:37 Stone Shaft Mining
32:30 Pikeman
39:41 Imperial Age
37:28 Heavy Plow
40:08 Iron Casting
39:49 Chain Mail Armor
39:56 Caravan
41:59 Crop Rotation
42:50 Two-Man Saw
41:48 Halberdier
42:51 Gambesons
45:00 Conscription
44:15 Capped Ram
46:05 Plate Mail Armor
46:47 Blast Furnace
46:12 Elite Varangian Guard
47:39 Wheelbarrow
47:01 Fletching
53:59 Guilds
55:23 Bodkin Arrow
56:32 Gothikon
59:26 Siege Engineers
59:47 Ballistics
71:49 Chemistry
70:53 Bracer
Legend
1:33 Loom
10:32 Wheelbarrow
29:58 Feudal Age
30:08 Man-at-Arms
30:36 Arson
36:25 Hand Cart
35:56 Town Watch
38:41 Castle Age
38:09 Gold Mining
38:13 Stone Mining
38:14 Double-Bit Axe
38:14 Horse Collar
41:36 Cavalier
41:37 Light Cavalry
45:39 Husbandry
45:04 Pikeman
45:16 Long Swordsman
52:32 Town Patrol
56:33 Fortified Wall
56:38 Squires
65:44 Burgundian Vineyards
70:17 Imperial Age
Connection lost

Rejoining the realm…

Still unreachable

The connection could not be restored.

Session expired

The server has moved on; the page needs a fresh start.